 Dungeon Crawl Stone Soup version bcrawl-1.27.8b (webtiles) character file.

Game seed: 5486663803643386709

219182 LostNumber the Sneak (level 5, -1/30 HPs)
             Began as a Vine Stalker Archaeologist on Nov 7, 2020.
             Was an Initiate of Okawaru.
             Slain by Grinder (7 damage)
             ... on level 3 of the Dungeon.
             The game lasted 00:03:13 (1435 turns).

LostNumber the Sneak (Vine Stalker Archaeologist)   Turns: 1435, Time: 00:03:14

Health: -1/30      AC:  6    Str: 14 (15) XL:     5   Next: 57%
Magic:  0/6        EV: 13    Int: 13 (14) God:    Okawaru [......]
Gold:   147        SH:  0    Dex:  9 (12) Spells: 4/4 levels left

rFire    . . .     SeeInvis .   m - +0 short sword
rCold    . . .     Gourm    .   (no shield)
rNeg     . . .     Faith    .   b - +1 robe
rPois    .         Spirit   +   c - +1 hat
rElec    .         Reflect  .   (no cloak)
rCorr    .         Harm     .   (no gloves)
MR       .....                  d - +1 pair of boots
Stlth    +++.......             n - amulet of guardian spirit
HPRegen  0.50/turn              l - +5 ring of slaying
MPRegen  0.10/turn              (no ring)

@: studying Unarmed Combat
A: fangs 2, regeneration 1, no potion heal 3, rot immunity, strong jaws
a: Renounce Religion


You were on level 3 of the Dungeon.
You worshipped Okawaru.
Okawaru was noncommittal.
You were not hungry.

You visited 1 branch of the dungeon, and saw 3 of its levels.

You collected 147 gold pieces.

Inventory:

Hand Weapons
 a - a +0 whip
 m - a +0 short sword (weapon)
   (You found it on level 1 of the Dungeon)
Armour
 b - a +1 robe (worn)
 c - a +1 hat (worn)
 d - a +1 pair of boots (worn)
Jewellery
 l - a +5 ring of slaying (left hand)
   (You found it on level 1 of the Dungeon)
 n - an amulet of guardian spirit (around neck)
   (You found it on level 3 of the Dungeon)
 u - an uncursed amulet of guardian spirit
   (You took it off a goblin on level 2 of the Dungeon)
Wands
 t - a wand of flame (22)
   (You found it on level 2 of the Dungeon)
Scrolls
 g - a scroll of magic mapping
 i - 4 scrolls of remove curse {unknown}
 k - 3 scrolls of identify {@r1}
 s - a scroll of teleportation {unknown}
 w - a scroll of blinking {unknown}
Potions
 h - a potion of might {unknown}
 j - 2 potions of ambrosia {unknown}
 o - a potion of invisibility {unknown}
 p - 2 potions of degeneration {!q}
 q - a potion of berserk rage {unknown}
 r - a potion of haste {@q3}
Books
 f - a manual of Unarmed Combat {!d}
   (You acquired it on level 3 of the Dungeon)
Comestibles
 e - 2 rations {!d!d}
 v - 2 chunks of flesh


   Skills:
 + Level 2.2 Fighting
 - Level 2.3 Short Blades
 - Level 0.8 Maces & Flails
 + Level 3.8 Dodging
 + Level 5.5 Stealth
 * Level 1.9 Unarmed Combat


You had 4 spell levels left.
You didn't know any spells.
Your spell library was empty.

Dungeon Overview and Level Annotations

Branches:
Dungeon (3/12)

Altars:
Okawaru
Wu Jian

Annotations:
D:3 Grinder


Innate Abilities, Weirdness & Mutations

You have extremely sharp teeth.
Your natural rate of healing is unusually fast.
Potions cannot restore your health.
You are immune to rotting.
Your bites deal extra damage.


Message History

Grinder says, "Tell me all your secrets, or I'll kill you."
You are feeling hungry.
The hobgoblin hits you.
Items here: ) [[ † a +0 whip; a +0 animal skin; a +0 helmet; the hobgoblin corpse of Robin You puncture the hobgoblin!
You kill the hobgoblin!
Okawaru accepts your kill. Grinder gestures at you.
You suddenly lose the ability to move!
Grinder blinks!
You can move again.
Unknown command.
No target in view!
No target in view!
You see here a hobgoblin corpse.
You start waiting.
Eating one of 3 chunks of flesh.
You eat one of the 3 chunks of flesh.
Grinder is too close now for your liking.
You butcher the hobgoblin corpse.
Things that are here:
2 chunks of flesh; a hobgoblin skeleton You hit Grinder.
You puncture Grinder!
Grinder blinks!
Grinder hits you but does no damage.
You hit Grinder. Your bite misses Grinder. Grinder barely misses you.
You barely miss Grinder. Grinder barely misses you.
You hit Grinder. Grinder hits you but does no damage.
You hit Grinder. Grinder closely misses you.
You hit Grinder. Grinder gestures at you. You resist with significant effort.
You closely miss Grinder.
Grinder says, "Just stop there for a second..."
Grinder hits you!
You writhe in agony.
You hit Grinder. You bite Grinder. Grinder barely misses you.
You hit Grinder. Grinder barely misses you.
You completely miss Grinder. You bite Grinder. Grinder hits you!
* * * LOW HITPOINT WARNING * * *
You writhe in agony.
* * * LOW HITPOINT WARNING * * *
You hit Grinder. Grinder gestures at you. Pain shoots through your body!
* * * LOW HITPOINT WARNING * * *
It was a potion of degeneration.
There was something very wrong with that liquid.
You feel weakened.
You feel dopey.
You feel clumsy. Grinder hits you!
You die...

#.............
#..##..#.#####
#..##......
#..##...####
#.......### #.........#
#.......#.#############
#.###>....5..))........
#.###.#.#..@.###.......
#.#.....#)##%# .......
#####.######<..#.#
.....[#
#...........#..#.#
.%g...#
#.).........#..#.#
..gg(.#
#...........#..#.#
g.g...#
#..............#.#
.g5g..#
#...........#.##[#
########+#######.#


You could see Grinder.

Vanquished Creatures
  An orc wizard (D:2)
  Jessica (D:3)
  Robin (D:3)
  2 adders
  3 oozes (D:2)
  3 worms
  A dart slug (D:2)
  3 leopard geckos
  4 orcs (D:2)
  A ball python (D:1)
  2 giant cockroaches
  10 hobgoblins
  4 jackals (D:2)
  9 kobolds
  3 bats
  6 frilled lizards
  8 goblins
  2 rats (D:1)
64 creatures vanquished.

Notes
Turn   | Place    | Note
-------+----------+-------------------------------------------
     0 | D:1      | LostNumber the Vine Stalker Archaeologist began the quest
                  | for the Orb.
     0 | D:1      | Reached XP level 1. HP: 11/11 MP: 2/2
    30 | D:1      | Reached skill level 1 in Fighting
   153 | D:1      | Reached XP level 2. HP: 16/16 MP: 3/3
   632 | D:2      | Reached skill level 1 in Short Blades
   711 | D:2      | Found an ornate altar of the Wu Jian Council.
   736 | D:2      | Reached skill level 5 in Stealth
   736 | D:2      | Reached XP level 3. HP: 13/20 MP: 4/4
   743 | D:2      | Reached XP level 4. HP: 12/25 MP: 5/5
  1046 | D:2      | Found an iron altar of Okawaru.
  1063 | D:2      | Became a worshipper of Warmaster Okawaru
  1299 | D:3      | Reached XP level 5. HP: 30/30 MP: 6/6
  1299 | D:3      | Identified a scroll of acquirement
  1300 | D:3      | Identified the ring of Hitili {Wiz rC++ Str+5 Stlth-} (You
                  | acquired it on level 3 of the Dungeon)
  1313 | D:3      | Noticed Jessica
  1316 | D:3      | Killed Jessica
  1316 | D:3      | Reached skill level 1 in Unarmed Combat
  1365 | D:3      | Noticed Robin
  1370 | D:3      | Noticed Grinder
  1399 | D:3      | Killed Robin
  1413 | D:3      | Paralysed by Grinder for 2 turns
  1435 | D:3      | Slain by Grinder

Skill      XL: |  1  2  3  4  5 |
---------------+----------------+-----
Fighting       | 1 2 |  2.2
Short Blades   | 1 2 |  2.3
Stealth        | 5 |  5.5
Unarmed Combat | 1 |  1.9
Maces & Flails | |  0.8
Dodging        | |  3.8

Action                   |  1- 3 |  4- 6 || total
-------------------------+-------+-------++-------
Melee: Whip              |    16 |       ||    16
       Short sword       |    37 |   107 ||   144
       Bite              |     6 |    12 ||    18
  Use: Scroll            |       |     1 ||     1
       Potion            |       |     1 ||     1
 Stab: Sleeping          |     2 |     5 ||     7
  Eat: Chunk             |       |     6 ||     6
Armor: Robe              |    12 |    34 ||    46
Dodge: Dodged            |    28 |    55 ||    83
